 Dungeon Sprint DCSS version 0.29.1-12-g30fa7ad0bf (webtiles) character file.

Game seed: 1469624174204014646

361 Groucho the Unseen (level 6, -7/28 HPs)
             Began as a Spriggan Enchanter on Dec 17, 2022.
             Mangled by a merfolk siren
             ... wielding a +0 spear
              (16 damage)
             ... in the Dungeon (Sprint II: "The Violet Keep of Menkaure").
             The game lasted 00:01:34 (483 turns).

Groucho the Unseen (Spriggan Enchanter)              Turns: 483, Time: 00:01:34

Health: -7/28      AC:  2    Str:  6    XL:     6   Next: 38%
Magic:  6/18       EV: 17    Int: 17    God:
Gold:   243        SH:  0    Dex: 13    Spells: 11/22 levels left

rFire   . . .      SeeInvis +   a - +1 dagger
rCold   . . .      Faith    .   (no shield)
rNeg    . . .      Spirit   .   b - +0 robe
rPois   .          Reflect  .   (helmet restricted)
rElec   .          Harm     .   (no cloak)
rCorr   .          Rampage  .   (gloves unavailable)
Will    +....      NoTele   +   (boots unavailable)
Stlth   ++++++....              (no amulet)
HPRegen 0.09/turn               (no ring)
MPRegen 0.16/turn               (no ring)

@: very quick
A: very small, no large weapons, unfitting armour, see invisible, speed 3,
clumsy 1
a: no special abilities


You were in the Dungeon.
You visited 1 branch You collected 243 gold pieces.

Inventory:

Hand Weapons
 a - a +1 dagger (weapon)
Armour
 b - a +0 robe (worn)
Scrolls
 i - a scroll of blinking
Potions
 c - a potion of invisibility
 e - a potion of heal wounds
 g - 2 potions of magic
 h - a potion of berserk rage


   Skills:
 - Level 1.1 Short Blades
 - Level 2.6 Dodging
 * Level 15.3 Stealth
 + Level 8.6 Spellcasting
 + Level 9.0 Hexes


You had 11 spell levels left.
You knew the following spells:

 Your Spells              Type           Power      Damage    Failure   Level
a - Ensorcelled Hibernat  Hex/Ice        44%        N/A       2%          2
b - Confusing Touch       Hex            38%        N/A       1%          3
c - Dazzling Flash        Conj/Hex       44%        N/A       4%          3
d - Tukima's Dance        Hex            38%        N/A       1%          3

Your spell library contained the following spells:

 Spells                   Type           Power      Damage    Failure   Level


Dungeon Overview and Level Annotations

Branches:
Dungeon (1/1)

Altars:


Innate Abilities, Weirdness & Mutations

You are very small and have problems with some larger weapons.
You are too small for most types of armour.
You have supernaturally acute eyesight. (SInv)
You cover ground extremely quickly. (Speed+++)
You are clumsy. (Dex -2)


Message History

* * * LOW HITPOINT WARNING * * *
There is a staircase leading out of the dungeon, spattered with blood here.
Casting: Ensorcelled Hibernation (safe; 2% risk of failure)
Confirm with . or Enter, or press ? or * to list all spells.
Aiming: Ensorcelled Hibernation (safe; 2% risk of failure)
Press: ? - help, Shift-Dir - straight line, f/p - merfolk siren
Aim: a merfolk siren, wielding a +0 spear (chance to affect: 21%)
The merfolk siren resists with almost no effort.
The merfolk siren chants a haunting song.
You are mesmerised by the merfolk siren!
Unknown command.
Casting: Ensorcelled Hibernation (safe; 2% risk of failure)
Confirm with . or Enter, or press ? or * to list all spells.
Aiming: Ensorcelled Hibernation (safe; 2% risk of failure)
Press: ? - help, Shift-Dir - straight line, f/p - merfolk siren
Aim: a merfolk siren, wielding a +0 spear (mesmerising, chance to affect: 21%)
The merfolk siren resists with almost no effort.
The merfolk siren chants its luring song.
Unknown command.
Casting: Ensorcelled Hibernation (safe; 2% risk of failure)
Confirm with . or Enter, or press ? or * to list all spells.
Aiming: Ensorcelled Hibernation (safe; 2% risk of failure)
Press: ? - help, Shift-Dir - straight line, f/p - merfolk siren
Aim: a merfolk siren, wielding a +0 spear (mesmerising, chance to affect: 21%)
The merfolk siren resists with almost no effort.
The merfolk siren chants its luring song.
Unknown command.
Casting: Ensorcelled Hibernation (safe; 2% risk of failure)
Confirm with . or Enter, or press ? or * to list all spells.
Your hands begin to glow red.
The merfolk siren chants its luring song.
Unknown command.
You hit the merfolk siren but do no damage.
The merfolk siren chants its luring song.
You hit the merfolk siren but do no damage.
The merfolk siren appears confused.
The merfolk siren stops singing.
You break out of your daze!
The merfolk siren hits you with a +0 spear!
Ouch! That really hurt!
You die...

## #. # ##.
### ##.
#+###.#
#...##.##..##
#+.<.'##.+
#..$##@##..##
##. #m###.# #
.$. ### ..#..
##. .## ## ##


You could see a merfolk siren (confused).

Vanquished Creatures
  A neqoxec (D)
  4 scorpions (D)
5 creatures vanquished.

Vanquished Creatures (others)
  A boulder beetle (D)
1 creature vanquished.

Grand Total: 6 creatures vanquished

Notes
Turn   | Place    | Note
-------+----------+-------------------------------------------
     0 | D        | Groucho the Spriggan Enchanter began the quest for the Orb.
     0 | D        | Reached XP level 1. HP: 9/9 MP: 5/5
     3 | D        | Noticed a boulder beetle
     3 | D        | Noticed a boulder beetle
     6 | D        | Noticed a neqoxec
     9 | D        | Noticed a scorpion
     9 | D        | Noticed a scorpion
     9 | D        | Noticed a scorpion
     9 | D        | Noticed a scorpion
    12 | D        | Noticed a merfolk siren
    30 | D        | Killed a scorpion
    31 | D        | Reached skill level 9 in Stealth
    31 | D        | Reached skill level 5 in Spellcasting
    31 | D        | Reached skill level 5 in Hexes
    31 | D        | Reached XP level 2. HP: 13/13 MP: 6/9
    31 | D        | Reached XP level 3. HP: 16/16 MP: 6/10
    31 | D        | Killed a scorpion
    32 | D        | Reached skill level 11 in Stealth
    32 | D        | Reached XP level 4. HP: 21/21 MP: 7/13
    34 | D        | Killed a scorpion
    35 | D        | Reached skill level 12 in Stealth
    35 | D        | Reached XP level 5. HP: 24/24 MP: 7/15
    37 | D        | Reached skill level 13 in Stealth
    49 | D        | Learned a level 2 spell: Ensorcelled Hibernation
    52 | D        | Gained mutation: You are clumsy. (Dex -2) [a neqoxec]
    58 | D        | Killed a neqoxec
    59 | D        | Reached skill level 15 in Stealth
    59 | D        | Reached XP level 6. HP: 28/28 MP: 1/18
   429 | D        | Killed a boulder beetle
   455 | D        | Learned a level 3 spell: Confusing Touch
   459 | D        | Learned a level 3 spell: Dazzling Flash
   463 | D        | Learned a level 3 spell: Tukima's Dance
   483 | D        | Mangled by a merfolk siren

Illustrated notes

Levels and vault maps discovered:
D:        the_violet_keep_of_menkaure [sprint2_stairs_cluster_1,
          sprint2_shoproom, sprint2_temple, sprint2_basic_supplies,
          sprint2_obstacle_7, sprint2_obstacle_2, sprint2_obstacle_1,
          sprint2_obstacle_6, sprint2_obstacle_3, sprint2_timed_cluster_1,
          sprint2_smallroom_cluster_1, sprint2_smallroom_final_cluster_1,
          sprint2_transparent_cluster_1, sprint2_second_timed_cluster_1,
          sprint2_sniper_area_1, sprint2_heavy_combat_area_1,
          sprint2_mutation_trap_area_1, sprint2_forest_area_1,
          sprint2_light_combat_area_1, sprint2_behind_water_1,
          sprint2_near_end_vault_1]

Skill      XL: |  1  2  3  4  5 |
---------------+----------------+-----
Stealth        | 9 11 12 15 | 15.3
Spellcasting   | 5 6 7 8 |  8.6
Hexes          | 5 6 7 9 |  9.0
Short Blades   | |  1.1
Dodging        | |  2.6

Action                   |  1- 3 |  4- 6 || total
-------------------------+-------+-------++-------
Melee: Dagger            |    13 |     6 ||    19
 Cast: Ensorcelled Hiber |       |    15 ||    15
       Confusing Touch   |       |     1 ||     1
  Use: Potion            |     3 |       ||     3
 Stab: Invisible         |     3 |       ||     3
       Sleeping          |       |     4 ||     4
Dodge: Dodged            |    12 |     6 ||    18
